 Dungeon Crawl Stone Soup version 0.20.1-1-g8b1a95d (webtiles) character file.

6073 vineage the Cruncher (level 10, -8/79 HPs)
             Began as a Demonspawn Gladiator on Aug 19, 2017.
             Was an Elder of Okawaru.
             Mangled by an orc warrior
             ... wielding a +2 long sword of holy wrath
              (9 damage)
             ... on level 10 of the Dungeon.
             The game lasted 00:21:24 (9654 turns).

vineage the Cruncher (Demonspawn Gladiator)         Turns: 9654, Time: 00:21:25

Health: -8/79      AC: 12    Str: 13    XL:     10   Next: 57%
Magic:  0/10       EV: 11    Int:  9    God:    Okawaru [****..]
Gold:   529        SH: 12    Dex: 18    Spells: 9/9 levels left

rFire    + . .     SeeInvis .   F - +3 dagger (chaos)
rCold    . . .     Gourm    .   k - -1 large shield
rNeg     . . .     Faith    .   L - +0 leather armour "Xotrexkig" {MR+ Regen+ Str-4 Dex+2}
rPois    +         Spirit   +   c - +1 helmet
rElec    .         Reflect  .   A - +0 cloak
rCorr    .         Harm     .   v - +0 pair of gloves
MR       +....                  (no boots)
Stlth    ++........             (no amulet)
Regen    0.7/turn               s - ring of flight
MPRegen  0.2/turn               e - +4 ring of protection

@: drained
A: hooves 1, rugged brown scales 1, blink, deformed body, fire resistance 1,
poison resistance, wild magic 1, magic shield
a: Blink, Heroism, Renounce Religion, Evoke Flight


You were on level 10 of the Dungeon.
You worshipped Okawaru.
Okawaru was greatly pleased with you.
You were not hungry.

You visited 2 branches of the dungeon, and saw 11 of its levels.

You collected 529 gold pieces.

Inventory:

Hand Weapons
 a - a +1 quarterstaff
 F - a +3 dagger of chaos (weapon)
Missiles
 d - 5 throwing nets
 J - a poisoned tomahawk (quivered)
Armour
 b - a +0 leather armour
 c - a +1 helmet (worn)
 h - a +0 leather armour of cold resistance
 k - a -1 large shield (worn)
 v - a +0 pair of gloves (worn)
 A - a +0 cloak (worn)
 E - a +1 scale mail of magic resistance
 L - the +0 leather armour "Xotrexkig" (worn) {MR+ Regen+ Str-4 Dex+2}
   (You found it on level 9 of the Dungeon)

   It affects your strength (-4).
   It affects your dexterity (+2).
   It affects your resistance to hostile enchantments.
   It increases your rate of regeneration.
Jewellery
 e - a +4 ring of protection (right hand)
 s - a ring of flight (left hand)
 u - an uncursed amulet of guardian spirit
 x - an uncursed ring of ice
 z - an uncursed ring of magical power
 D - an uncursed ring of magical power
Wands
 m - a wand of lightning (6/15)
 r - a wand of paralysis (15/24)
 H - a wand of lightning (6/15)
Scrolls
 g - 4 scrolls of identify
 i - 4 scrolls of teleportation
 j - 3 scrolls of magic mapping
 l - a scroll of immolation
 n - a scroll of remove curse
 o - 2 scrolls of recharging
 p - 2 scrolls of enchant armour
 t - 2 scrolls of amnesia
 y - a scroll of fear
 I - 2 scrolls of fog {unknown}
Potions
 q - a potion of invisibility
 B - a potion of agility {unknown}
 C - a potion of might
 M - a potion of heal wounds
Books
 w - a book of Unlife

   Spells                             Type                      Level
   a - Recall                         Summoning/Translocation      3
   b - Animate Dead                   Necromancy                   4
   c - Control Undead                 Necromancy                   4
   d - Cigotuvi's Embrace             Necromancy                   5
   e - Death Channel                  Necromancy                   6
   f - Simulacrum                     Ice/Necromancy               6
Comestibles
 f - 5 bread rations
 G - 3 meat rations
 K - 4 royal jellies
 N - 2 fruits


   Skills:
 + Level 6.6(6.0) Fighting
 + Level 3.0(2.5) Short Blades
 + Level 8.8(8.2) Staves
 + Level 2.0(1.6) Throwing
 + Level 6.4(5.9) Armour
 + Level 6.0(5.4) Dodging
 + Level 3.5(3.0) Stealth
 + Level 4.1(3.6) Shields


You had 9 spell levels left.
You didn't know any spells.

Dungeon Overview and Level Annotations

Branches:
Dungeon (10/15)            Temple (1/1) D:5             Orc (0/2) D:9
   Lair: D:8-11

Altars:
Ashenzari
Cheibriados
Dithmenos
Elyvilon
Fedhas
Gozag
Hepliaklqana
Kikubaaqudgha
Makhleb
Nemelex Xobeh
Okawaru
Qazlal
Ru
Sif Muna
Trog
Uskayaw
Vehumet
Xom
Yredelemnul
Zin
The Shining One

Shops:
D:6 (:(   D:9 *


Innate Abilities, Weirdness & Mutations

You have large cloven feet.
You are partially covered in rugged brown scales. (AC +1, +3% HP)
Your flesh is heat resistant. (rF+)
When hurt, damage is shared between your health and your magic reserves.
You can translocate small distances at will.
Armour fits poorly on your strangely shaped body.
Your system is resistant to poisons. (rPois)
Your spells are a little harder to cast, but a little more powerful.


Message History

You block the orc warrior's attack.
You closely miss the orc warrior.
The orc warrior is heavily wounded.
The orc warrior is no longer moving slowly.
You hit the orc warrior but do no damage.
The orc warrior flickers and vanishes!
Deactivating autopickup; reactivate with Ctrl-A.
Something hits you but does no damage.
You hit something. Something hits you!
You convulse!
You closely miss something. Your kick misses something. Something hits you!
You convulse!
You completely miss something. Something hits you!
* * * LOW HITPOINT WARNING * * *
You convulse!
* * * LOW HITPOINT WARNING * * *
You hit something but do no damage. Your kick misses something.
Something hits you!
* * * LOW HITPOINT WARNING * * *
You convulse!
You die...

#. #.# #.# #.# #..# #.# #.#
#..# #.# #.# #..# #.# #.#
#..# #######.###.# #..#
............## #..#######
.............######......$..
#######.####...)@{oo.#
........# ###########
#########


You could see 2 orcs.

Vanquished Creatures
  A two-headed ogre (D:9)
  Psyche (D:8)
  Prince Ribbit (D:8)
  2 hippogriffs
  A yak (D:9)
  3 hogs (D:9)
  A hungry ghost (D:8)
  A human (D:9)
  A water moccasin (D:7)
  3 ice beasts
  5 orc warriors
  An ogre (D:6)
  2 sky beasts
  A black bear (D:6)
  3 necrophages
  A phantom (D:4)
  4 centaurs
  A big kobold (D:8)
  A wyvern skeleton (D:6)
  5 killer bees (D:7)
  3 scorpions
  7 wights
  5 crimson imps
  2 quasits (D:8)
  2 orc priests
  4 hounds
  A jelly (D:7)
  A centaur skeleton (D:5)
  2 iguanas
  4 orc wizards
  6 worker ants
  A hound zombie (D:10)
  11 gnolls
  12 adders
  4 shadow imps
  An ooze (D:3)
  2 worms
  3 dart slugs
  8 leopard geckos
  22 orcs
  6 bats
  7 giant cockroaches
  2 goblins
  4 hobgoblins
  8 jackals
  7 kobolds
  5 quokkas
  4 ball pythons
  A frilled lizard (shapeshifter) (D:9)
  5 frilled lizards
  4 rats
193 creatures vanquished.

Notes
Turn   | Place    | Note
-------+----------+-------------------------------------------
     0 | D:1      | vineage the Demonspawn Gladiator began the quest for the Orb.
     0 | D:1      | Reached XP level 1. HP: 16/16 MP: 1/1
   405 | D:1      | You fall through a shaft!
   409 | D:2      | Reached skill level 3 in Staves
   414 | D:2      | Gained mutation: When hurt, damage is shared between your health and your magic reserves. [demonic ancestry]
   414 | D:2      | Reached XP level 2. HP: 22/22 MP: 2/2
   745 | D:2      | Found a hazy altar of Hepliaklqana.
   770 | D:2      | Reached XP level 3. HP: 22/27 MP: 3/3
  1740 | D:3      | Reached XP level 4. HP: 29/33 MP: 2/4
  2115 | D:3      | Reached skill level 1 in Armour
  2153 | D:3      | Found a basalt altar of Yredelemnul.
  2307 | D:3      | Reached skill level 4 in Staves
  2561 | D:3      | Gained mutation: Your system is resistant to poisons. (rPois) [potion of mutation]
  2561 | D:3      | Gained mutation: Your spells are a little harder to cast, but a little more powerful. [potion of mutation]
  2563 | D:3      | Gained mutation: You have large cloven feet. [demonic ancestry]
  2563 | D:3      | Reached XP level 5. HP: 10/39 MP: 2/5
  3264 | D:4      | Reached skill level 1 in Stealth
  3393 | D:4      | You fall through a shaft for 3 floors!
  3504 | D:7      | Gained mutation: You are partially covered in rugged brown scales. (AC +1, +3% HP) [demonic ancestry]
  3504 | D:7      | Reached XP level 6. HP: 37/47 MP: 6/6
  3797 | D:7      | Reached skill level 5 in Staves
  3821 | D:5      | Entered Level 5 of the Dungeon
  3834 | D:5      | Found a staircase to the Ecumenical Temple.
  3886 | D:5      | Reached XP level 7. HP: 49/53 MP: 5/7
  3981 | Temple   | Entered the Ecumenical Temple
  4111 | Temple   | Became a worshipper of Warmaster Okawaru
  4199 | D:5      | Found a hide-covered altar of Uskayaw.
  4226 | D:5      | Gained mutation: You evolve. [mutagenic meat]
  4227 | D:5      | Gained mutation: Armour fits poorly on your strangely shaped body. [mutagenic meat]
  4266 | D:5      | Found a shattered altar of Ashenzari.
  4448 | D:5      | Reached skill level 6 in Staves
  4664 | D:4      | Gained mutation: You can translocate small distances at will. [evolution]
  4878 | D:4      | You fall through a shaft!
  4910 | D:6      | Reached * piety under Okawaru
  4910 | D:6      | Reached XP level 8. HP: 50/61 MP: 8/8
  4957 | D:6      | Found Ziex's Weapon Shoppe.
  4957 | D:6      | Found Nitru's Book Shop.
  5036 | D:6      | Found Tatwohom's Weapon Shop.
  5164 | D:6      | Reached skill level 7 in Staves
  5391 | D:6      | Found an opulent altar of Gozag.
  5798 | D:7      | Reached ** piety under Okawaru
  6174 | D:7      | Reached skill level 5 in Fighting
  6177 | D:7      | Found a shimmering altar of Xom.
  6177 | D:7      | Found a burning altar of Makhleb.
  6183 | D:7      | Reached XP level 9. HP: 59/70 MP: 6/9
  6241 | D:7      | Found a burning altar of Makhleb.
  6368 | D:7      | Reached skill level 8 in Staves
  6523 | D:7      | Found a blossoming altar of Fedhas.
  6523 | D:7      | Found a stormy altar of Qazlal.
  6678 | D:8      | Noticed Psyche
  6700 | D:8      | Killed Psyche
  6700 | D:8      | Reached skill level 5 in Armour
  7085 | D:7      | Lost mutation: You evolve. [evolution]
  7429 | D:8      | Reached *** piety under Okawaru
  7650 | D:8      | Reached skill level 5 in Dodging
  7754 | D:8      | Reached skill level 1 in Shields
  7854 | D:8      | Found a sparkling altar of Nemelex Xobeh.
  7854 | D:8      | Found a glowing golden altar of the Shining One.
  7881 | D:8      | Noticed Prince Ribbit
  7940 | D:8      | Killed Prince Ribbit
  7940 | D:8      | Reached skill level 1 in Short Blades
  8183 | D:8      | Received a gift from Okawaru
  8183 | D:8      | Gained mutation: Your flesh is heat resistant. (rF+) [demonic ancestry]
  8183 | D:8      | Reached XP level 10. HP: 52/78 MP: 5/10
  8804 | D:9      | Found a staircase to the Orcish Mines.
  8953 | D:9      | Reached **** piety under Okawaru
  9010 | D:9      | Found Onuid's General Store.
  9022 | D:9      | Got a steaming leather armour
  9034 | D:9      | Identified the +0 leather armour "Xotrexkig" {MR+ Regen+ Str-4 Dex+2} (You found it on level 9 of the Dungeon)
  9181 | D:9      | Noticed a two-headed ogre
  9194 | D:9      | Killed a two-headed ogre
  9318 | D:9      | Found a sacrificial altar of Ru.
  9449 | D:10     | Entered Level 10 of the Dungeon
  9654 | D:10     | HP: 1/79 [something (11)]
  9654 | D:10     | Mangled by an orc warrior

Skill      XL: |  1  2  3  4  5  6  7  8  9 10 |
---------------+-------------------------------+-----
Staves         | 3 4 5 6 7 8 |  8.8
Dodging        | 3 4 5 6 |  6.0
Throwing       | 2 |  2.0
Armour         | 1 2 3 4 5 6 |  6.4
Stealth        | 1 2 3 |  3.5
Fighting       | 3 5 6 |  6.6
Shields        | 2 4 |  4.1
Short Blades   | 1 3 |  3.0

Action                   |  1- 3 |  4- 6 |  7- 9 | 10-12 || total
-------------------------+-------+-------+-------+-------++-------
Melee: Quarterstaff      |    96 |   229 |   350 |       ||   675
       Kick              |       |    20 |   163 |    84 ||   267
       Dagger            |       |       |   186 |   234 ||   420
Throw: Tomahawk          |       |       |       |     3 ||     3
Invok: Heroism           |       |       |     4 |     1 ||     5
  Use: Scroll            |       |    11 |     9 |       ||    20
       Potion            |       |     4 |     3 |       ||     7
 Stab: Sleeping          |     1 |       |     2 |       ||     3
       Invisible         |       |     2 |       |       ||     2
       Paralysed         |       |       |     3 |     2 ||     5
       Petrified         |       |       |     1 |     2 ||     3
  Eat: Royal jelly       |     1 |     1 |     1 |       ||     3
       Bread ration      |       |     1 |     1 |       ||     2
       Chunk             |       |     1 |     8 |       ||     9
       Meat ration       |       |       |     1 |     1 ||     2
Armor: Leather armour    |    33 |    78 |    21 |    26 ||   158
       Skin              |       |     4 |       |       ||     4
       Scale mail        |       |       |   256 |    36 ||   292
Dodge: Dodged            |    71 |   175 |   313 |    50 ||   609
Block: Large shield      |       |       |   152 |   113 ||   265
